 Dungeon Crawl Stone Soup version 0.25-a0-719-gde951dce62 (webtiles) character file.

Game seed: 13550904299031881543, levelgen mode: deterministic

21541 Fukker the Basher (level 12, 0/81 HPs)
             Began as a Demonspawn Gladiator on Apr 6, 2020.
             Was a High Priest of Okawaru.
             Slain by a spiny frog (5 damage)
             ... while petrified by a basilisk
             ... on level 3 of the Lair of Beasts.
             The game lasted 00:47:02 (10592 turns).

Fukker the Basher (Demonspawn Gladiator)           Turns: 10592, Time: 00:47:03

Health: 0/81       AC: 16    Str: 18    XL:     12   Next: 55%
Magic:  17/17      EV:  2    Int: 10    God:    Okawaru [*****.]
Gold:   845        SH:  0    Dex: 18    Spells: 11/11 levels left

rFire    + + .     SeeInvis .   e - +4 hand crossbow (flame)
rCold    + + .     Gourm    .   (no shield)
rNeg     + + +     Faith    +   K - +1 ring mail {rF+}
rPois    ∞         Spirit   .   (helmet unavailable)
rElec    .         Reflect  .   S - scarf {rC+ rF+}
rCorr    .         Harm     .   m - +1 pair of gloves
MR       .....                  W - +1 pair of boots {Fly}
Stlth    ++........             Z - amulet of faith
HPRegen  0.23/turn              x - +4 ring of evasion
MPRegen  0.15/turn              O - +5 ring of protection

@: petrified, heroism, marked, flying
A: horns 3, rugged brown scales 2, agile 1, cold resistance 1, deformed body,
poison resistance, rot immunity
a: Heroism, Finesse, Renounce Religion, Stop Flying


You were on level 3 of the Lair of Beasts.
You worshipped Okawaru.
Okawaru was extremely pleased with you.
You were not hungry.

You visited 2 branches of the dungeon, and saw 14 of its levels.
You also visited: Volcano.

You collected 845 gold pieces.

Inventory:

Hand Weapons
 e - a +4 hand crossbow of flaming (weapon)
 V - the +3 great mace "Xoleasch" {vorpal, rC+ MR+ Dex+4}
   (You found it on level 10 of the Dungeon)

   It inflicts extra damage upon your enemies.
   It affects your dexterity (+4).
   It protects you from cold.
   It affects your resistance to hostile enchantments.
Missiles
 d - 6 throwing nets
 j - 43 poisoned darts
 p - 20 boomerangs
 u - 152 bolts (quivered)
Armour
 m - a +1 pair of gloves (worn)
 n - a +1 ring mail of cold resistance
 K - a +1 ring mail of fire resistance (worn)
 Q - the +4 kite shield "Rovyon Iwko" {rElec rC+ Str+6}
   (You found it on level 7 of the Dungeon)

   It affects your strength (+6).
   It protects you from cold.
   It insulates you from electricity.
 R - the +2 pair of boots "Gusmur" {rElec rF- rCorr}
   (You found it on level 7 of the Dungeon)

   It makes you vulnerable to fire.
   It insulates you from electricity.
   It provides partial protection from all sources of acid and corrosion.
 S - a scarf of resistance (worn)
 W - a +1 pair of boots of flying (worn)
Jewellery
 x - a +4 ring of evasion (left hand)
 N - a +3 ring of strength {unknown}
 O - a +5 ring of protection (right hand)
 T - an uncursed ring of protection from magic {unknown}
 Z - an amulet of faith (around neck)
Wands
 a - a wand of iceblast (4)
 g - a wand of acid (7)
 h - a wand of digging (3)
 D - a wand of clouds (4)
 Y - a wand of disintegration (9)
Scrolls
 t - a scroll of blinking
 y - 7 scrolls of teleportation
 A - 6 scrolls of remove curse
 C - 3 scrolls of fog
 I - 2 scrolls of enchant armour
 J - a scroll of magic mapping
 M - a scroll of immolation {unknown}
 U - a scroll of fear
Potions
 b - a potion of cancellation
 k - 4 potions of brilliance
 r - 7 potions of curing
 w - 3 potions of flight
 z - 3 potions of ambrosia
 E - 4 potions of resistance {unknown}
 F - 4 potions of might
 G - 2 potions of invisibility
 H - a potion of mutation
 P - 2 potions of haste
 X - a potion of stabbing {unknown}
Miscellaneous
 L - a phantom mirror
Comestibles
 f - 14 rations


   Skills:
 - Level 2.0(7.0) Fighting
   Level 6.9(15.8) Axes
 * Level 12.8(18.6) Maces & Flails
   Level 3.7(14.3) Staves
 + Level 7.9(12.9) Crossbows
 - Level 3.2(8.2) Throwing
 - Level 2.6(7.6) Dodging
 - Level 6.7(11.7) Shields
 * Level 7.9 Invocations


You had 11 spell levels left.
You didn't know any spells.
Your spell library contained the following spells:

 Spells                   Type           Power        Failure   Level  Hunger
 Animate Skeleton         Necr           N/A          54%         1    ##.....
 Apportation              Tloc           #.....       54%         1    ##.....
 Beastly Appendage        Tmut           #.....       54%         1    ##.....
 Corona                   Hex            #......      54%         1    ##.....
 Pain                     Necr           #...         54%         1    ##.....
 Summon Small Mammal      Summ           #...         54%         1    ##.....
 Ensorcelled Hibernation  Hex/Ice        #.....       67%         2    ###....
 Sticks to Snakes         Tmut           #.......     67%         2    ###....
 Confusing Touch          Hex            #.......     88%         3    ####...
 Dazzling Flash           Conj/Hex       #.....       88%         3    ####...
 Recall                   Summ/Tloc      N/A          88%         3    ####...
 Spider Form              Tmut/Pois      #.........   88%         3    ####...
 Tukima's Dance           Hex            #.......     88%         3    ####...
 Vampiric Draining        Necr           #.........   88%         3    ####...
 Animate Dead             Necr           N/A          99%         4    #####..
 Ice Form                 Ice/Tmut       #.......     99%         4    #####..
 Agony                    Necr           #.......     100%        5    ######.
 Aura of Abjuration       Summ           #.........   100%        5    ######.
 Blade Hands              Tmut           #.........   100%        5    ######.
 Bolt of Magma            Conj/Fire/Erth #.........   100%        5    ######.
 Iskenderun's Battlesphe  Conj/Chrm      #.......     100%        5    ######.
 Summon Demon             Summ           #.........   100%        5    ######.
 Summon Forest            Summ/Tloc      #.........   100%        5    ######.
 Summon Mana Viper        Hex/Summ       #.......     100%        5    ######.
 Iron Shot                Conj/Erth      #.........   100%        6    #######
 Shadow Creatures         Summ           N/A          100%        6    #######
 Orb of Destruction       Conj           #.........   100%        7    #######
 Spellforged Servitor     Conj/Summ      #.........   100%        7    #######


Dungeon Overview and Level Annotations

Branches:
Dungeon (10/15)            Temple (0/1) D:6            Lair (4/6) D:10
  Snake (0/4) Lair:2      Volcano (visited)
  Swamp: Lair:2-4    Shoals: Lair:2-4       Orc: D:9-12

Altars:
Cheibriados
Elyvilon
Fedhas
Kikubaaqudgha
Okawaru
Ru
Vehumet
Yredelemnul

Shops:
D:5 [


Innate Abilities, Weirdness & Mutations

You have a pair of large horns on your head.
You are mostly covered in rugged brown scales. (AC +2, +5% HP)
You are immune to rotting.
You are agile. (Dex +2)
Your flesh is cold resistant. (rC+)
Armour fits poorly on your strangely shaped body.
Your system is resistant to poisons. (rPois)


Message History

The spiny frog stings you but does no damage.
The black mamba bites you!
The water moccasin bites you but does no damage.
The spiny frog stings you!
The spiny frog stings you but does no damage.
The black mamba bites you!
The spiny frog stings you but does no damage.
The crocodile bites you! The spiny frog stings you!
* * * LOW HITPOINT WARNING * * *
The water moccasin bites you but does no damage.
The black mamba bites you but does no damage.
The spiny frog stings you.
* * * LOW HITPOINT WARNING * * *
The spiny frog stings you but does no damage.
The black mamba bites you.
* * * LOW HITPOINT WARNING * * *
The water moccasin barely misses you. The spiny frog stings you!
* * * LOW HITPOINT WARNING * * *
The spiny frog stings you!
You die...

... ...##.. ...##
##...#..## (Y+.#
##.....#..##
.(FY#######..........#
...tY....F##.........#
....##...YY.........P#####
.....###.#.P....l.........
....## #.###...FSF....P#
..... ### #..FF@F>..#
....# #...tSF....# #...#
#....#..#P.# #####
#....#.###...# ##.#....
#..# #.##...# ..# .(##...#
..# ......... ##


You could see a black mamba, 2 yaks, 6 spiny frogs, a basilisk, a blink frog, a
water moccasin and a crocodile.

Vanquished Creatures
  An ettin (D:10)
  3 two-headed ogres (D:10)
  A dancing weapon (Volcano)
  4 wizards (Volcano)
  An orc sorcerer (D:10)
  A black mamba (Lair:2)
  3 toenail golems (Volcano)
  5 spiny frogs
  Maggie (D:7)
  3 komodo dragons
  A rime drake (Lair:4)
  A meliai (D:10)
  2 trolls
  A hornet (Lair:4)
  Sigmund (D:3)
  A vampire (D:5)
  A spriggan (D:7)
  A wyvern (D:8)
  23 yaks
  A steam dragon (D:10)
  A vampire mosquito (D:10)
  A hungry ghost (D:7)
  Menkaure (D:5)
  4 water moccasins
  6 porcupines
  5 nagas (Lair:2)
  2 ice beasts
  A swamp drake (shapeshifter) (D:10)
  6 orc warriors
  3 sky beasts
  A phantom (D:4)
  2 necrophages (D:5)
  2 centaurs
  3 ogres
  7 crocodiles
  A big kobold (D:8)
  9 bullfrogs
  2 gnoll sergeants
  4 scorpions
  An electric eel (Lair:1)
  2 howler monkeys (D:10)
  3 crimson imps
  A centaur zombie (D:10)
  2 quasits
  A jelly (D:8)
  2 bullfrog zombies
  7 hounds
  12 orc wizards
  5 orc priests
  2 centaur skeletons
  An iguana (D:9)
  Crazy Yiuf (D:3)
  Natasha (thrice) (D:3)
  5 worker ants
  A hound skeleton (D:7)
  A worker ant zombie (D:10)
  Robin (D:3)
  8 gnolls
  9 adders
  4 shadow imps
  An ooze (D:6)
  An adder skeleton (D:5)
  2 worms (D:2)
  2 dart slugs
  7 leopard geckos
  49 orcs
  3 ball pythons
  8 bats
  5 giant cockroaches
  9 hobgoblins
  15 jackals
  A quokka (D:4)
  13 frilled lizards
  14 goblins
  14 kobolds
  2 leopard gecko skeletons
  3 rats
  A fungus (Lair:1)
339 creatures vanquished.

Vanquished Creatures (others)
  A fungus (Lair:2)
  2 plants
3 creatures vanquished.

Grand Total: 342 creatures vanquished

Notes
Turn   | Place    | Note
-------+----------+-------------------------------------------
     0 | D:1      | Fukker the Demonspawn Gladiator began the quest for the
                  | Orb.
     0 | D:1      | Reached XP level 1. HP: 16/16 MP: 1/1
    72 | D:1      | Gained mutation: You have a pair of small horns on your
                  | head. [demonic ancestry]
    72 | D:1      | Reached XP level 2. HP: 18/22 MP: 2/2
   695 | D:1      | Reached XP level 3. HP: 23/27 MP: 3/3
   944 | D:2      | Found a white marble altar of Elyvilon.
  1042 | D:2      | Reached skill level 1 in Maces & Flails
  1740 | D:3      | Noticed Sigmund
  1804 | D:2      | Gained mutation: You are frail. (-10% HP) [potion of
                  | mutation]
  1804 | D:2      | Gained mutation: You are occasionally teleported next to
                  | monsters. [potion of mutation]
  1804 | D:2      | Gained mutation: You have large cloven feet. [potion of
                  | mutation]
  1821 | D:3      | Killed Sigmund
  1821 | D:3      | Reached skill level 4 in Maces & Flails
  1821 | D:3      | Gained mutation: You are partially covered in rugged brown
                  | scales. (AC +1, +3% HP) [demonic ancestry]
  1821 | D:3      | Reached XP level 4. HP: 22/30 MP: 4/4
  1821 | D:3      | Gained mutation: You have a pair of horns on your head.
                  | [demonic ancestry]
  1821 | D:3      | Reached XP level 5. HP: 26/35 MP: 5/5
  1854 | D:3      | Lost mutation: You are occasionally teleported next to
                  | monsters. [potion of mutation]
  1854 | D:3      | Lost mutation: You are frail. (-10% HP) [potion of
                  | mutation]
  1854 | D:3      | Lost mutation: You have large cloven feet. [potion of
                  | mutation]
  1854 | D:3      | Gained mutation: Armour fits poorly on your strangely
                  | shaped body. [potion of mutation]
  1854 | D:3      | Gained mutation: Your system is resistant to poisons.
                  | (rPois) [potion of mutation]
  1854 | D:3      | Gained mutation: You are frail. (-10% HP) [potion of
                  | mutation]
  1854 | D:3      | Gained mutation: You have a pair of large horns on your
                  | head. [potion of mutation]
  1904 | D:3      | Found a sacrificial altar of Ru.
  1904 | D:3      | Noticed Natasha
  1911 | D:3      | Killed Natasha
  1911 | D:3      | Reached XP level 6. HP: 40/40 MP: 6/6
  1915 | D:3      | Lost mutation: You have a pair of large horns on your head.
                  | [potion of mutation]
  1915 | D:3      | Lost mutation: You are frail. (-10% HP) [potion of
                  | mutation]
  1915 | D:3      | Gained mutation: You are agile. (Dex +2) [potion of
                  | mutation]
  1915 | D:3      | Gained mutation: Your flesh is cold resistant. (rC+)
                  | [potion of mutation]
  1916 | D:3      | Found an iron altar of Okawaru.
  1923 | D:3      | Became a worshipper of Warmaster Okawaru
  1932 | D:3      | Noticed Natasha
  1949 | D:3      | Killed Natasha
  2054 | D:3      | Found a snail-covered altar of Cheibriados.
  2138 | D:3      | Noticed Robin
  2148 | D:3      | Killed Robin
  2173 | D:3      | Noticed Natasha
  2181 | D:3      | Killed Natasha
  2420 | D:3      | Reached skill level 5 in Maces & Flails
  2458 | D:3      | Found a runed translucent door.
  2459 | D:3      | Noticed Crazy Yiuf
  2469 | D:3      | Killed Crazy Yiuf
  2673 | D:4      | Reached XP level 7. HP: 50/51 MP: 7/7
  2769 | D:4      | Reached skill level 6 in Maces & Flails
  2779 | D:4      | Reached * piety under Okawaru
  2902 | D:4      | Reached skill level 1 in Invocations
  3401 | D:5      | Entered Level 5 of the Dungeon
  3724 | D:5      | Found a transporter.
  3727 | D:5      | Noticed a vampire
  3728 | D:5      | Found a transporter.
  3742 | D:5      | Found an ancient bone altar of Kikubaaqudgha.
  3746 | D:5      | Noticed Menkaure
  3752 | D:5      | Found a basalt altar of Yredelemnul.
  3798 | D:5      | Reached skill level 1 in Crossbows
  3861 | D:5      | Found a blossoming altar of Fedhas.
  3991 | D:5      | Found Vewkuaq's Antique Armour Shop.
  4156 | D:6      | Reached XP level 8. HP: 46/57 MP: 11/11
  4425 | D:6      | Found a staircase to the Ecumenical Temple.
  4440 | D:6      | Found a radiant altar of Vehumet.
  4751 | D:7      | Reached ** piety under Okawaru
  4751 | D:7      | Reached skill level 5 in Crossbows
  4979 | D:7      | Noticed a troll
  4992 | D:7      | Killed a troll
  5049 | D:7      | Gained mutation: You are mostly covered in rugged brown
                  | scales. (AC +2, +5% HP) [demonic ancestry]
  5049 | D:7      | Reached XP level 9. HP: 39/64 MP: 9/12
  5157 | D:7      | Reached skill level 1 in Axes
  5180 | D:7      | Noticed Maggie
  5190 | D:7      | Killed Maggie
  5365 | D:7      | Got a steaming kite shield
  5371 | D:7      | Identified the +4 kite shield "Rovyon Iwko" {rElec rC+
                  | Str+6} (You found it on level 7 of the Dungeon)
  5372 | D:7      | Got a pair of scorched boots
  5383 | D:7      | Identified the +2 pair of boots "Gusmur" {rElec rF- rCorr}
                  | (You found it on level 7 of the Dungeon)
  5419 | D:7      | Reached *** piety under Okawaru
  5419 | D:7      | Reached skill level 1 in Shields
  5831 | D:5      | Killed Menkaure
  5831 | D:5      | Reached skill level 5 in Axes
  5854 | D:5      | Got a bloodstained war axe
  6044 | D:8      | Got a bloodstained cloak
  6055 | D:8      | Identified the +2 cloak of the Armadillo {Stlth+} (You
                  | found it on level 8 of the Dungeon)
  6073 | D:8      | Reached XP level 10. HP: 70/70 MP: 13/13
  6184 | D:8      | Reached **** piety under Okawaru
  6273 | D:8      | Received a gift from Okawaru
  7148 | D:10     | Entered Level 10 of the Dungeon
  7173 | D:10     | Noticed a two-headed ogre
  7181 | D:10     | Noticed a two-headed ogre
  7187 | D:10     | Killed a two-headed ogre
  7187 | D:10     | Reached skill level 5 in Shields
  7196 | D:10     | Killed a two-headed ogre
  7196 | D:10     | Reached ***** piety under Okawaru
  7196 | D:10     | Reached skill level 7 in Maces & Flails
  7208 | D:10     | Got a fine great mace
  7214 | D:10     | Identified the +3 great mace "Xoleasch" {vorpal, rC+ MR+
                  | Dex+4} (You found it on level 10 of the Dungeon)
  7409 | D:10     | Found a staircase to the Lair.
  7546 | D:10     | Noticed a two-headed ogre
  7554 | D:10     | Killed a two-headed ogre
  7554 | D:10     | Reached skill level 8 in Maces & Flails
  7632 | D:10     | Found a runed translucent door.
  7765 | D:10     | Gained mutation: You are immune to rotting. [demonic
                  | ancestry]
  7765 | D:10     | Reached XP level 11. HP: 68/75 MP: 14/14
  7905 | D:10     | Noticed an orc sorcerer
  7913 | D:10     | Noticed an ettin
  7916 | D:10     | Killed an orc sorcerer
  7917 | D:10     | Received a gift from Okawaru
  7924 | D:10     | Killed an ettin
  7924 | D:10     | Reached skill level 9 in Maces & Flails
  7938 | D:10     | HP: 3/75 [poisoned by a meliai]
  7943 | D:10     | HP: 3/75 [poisoned by a meliai]
  7948 | D:10     | HP: 3/75 [poisoned by a meliai]
  8350 | Lair:1   | Entered Level 1 of the Lair of Beasts
  8357 | Lair:1   | Reached skill level 5 in Invocations
  8695 | Lair:1   | Reached skill level 10 in Maces & Flails
  8698 | Lair:1   | Received a gift from Okawaru
  9158 | Lair:2   | Found a staircase to the Snake Pit.
  9210 | Lair:2   | Received a gift from Okawaru
  9338 | Lair:2   | Reached skill level 11 in Maces & Flails
  9591 | Lair:2   | Reached ****** piety under Okawaru
  9591 | Lair:2   | Received a gift from Okawaru
  9772 | Lair:2   | You fall into a shaft and drop 2 floors!
  9785 | Lair:4   | Received a gift from Okawaru
  9802 | Lair:4   | Gained mutation: You have a pair of large horns on your
                  | head. [demonic ancestry]
  9802 | Lair:4   | Reached XP level 12. HP: 67/81 MP: 16/16
  9898 | Lair:4   | Found a dark tunnel.
 10101 | Volcano  | Entered a volcano
 10116 | Volcano  | Reached skill level 12 in Maces & Flails
 10127 | Volcano  | Paralysed by a wizard for 5 turns
 10592 | Lair:3   | Slain by a spiny frog

Levels and vault maps discovered:
D:1:      evilmike_arrival_plus, layout_basic
D:2:      layout_rooms, nicolae_overflow_crystal_walls, first_ration
D:3:      layout_basic, cheibriados_altar_1, gammafunk_temple_overflow_pools,
          minmay_crystal_room, hangedman_feature_mirror, uniq_sigmund,
          uniq_natasha, uniq_robin, uniq_crazy_yiuf_cottage
D:4:      layout_basic, minmay_splitting_lines
D:5:      layout_basic, gammafunk_temple_of_torment, fedhas_altar_1,
          serial_shops, kennysheep_little_box, kennysheep_generic_room_13
D:6:      layout_cave_pools, kennysheep_mini, minmay_temple_entry_poolview,
          kennysheep_generic_room_10
D:7:      layout_basic, serial_glass, glass_columns_a, glass_columns_b,
          glass_columns_a, glass_columns_a, minmay_strange_pillars,
          due_unseen_surprise, minmay_strange_pillars, minmay_strange_pillars,
          the_bakery, uniq_maggie
D:8:      layout_rooms, st_stairs_9
D:9:      layout_irregular_city
D:10:     layout_loops_cross, lair_entry_dummy, minivault_13
Lair:1:   layout_cave_pods, serial_bayou_lake_a
Lair:2:   layout_chaotic_city, minmay_snake_entry_guardpost_medium,
          ebering_ghost_disaster_area
Lair:3:   layout_roguey, nicolae_swamp_entry_splash_gauntlet,
          beast_lair_carwin_5, minmay_lair_oklob_chamber
Lair:4:   gammafunk_mikee_crab_dinner, layout_cave_shapes,
          nicolae_volcano_entry_hallway, uniq_kirke

Skill      XL: |  1  2  3  4  5  6  7  8  9 10 11 12 |
---------------+-------------------------------------+-----
Staves         | 3 |  3.7
Throwing       | 2 3 |  3.2
Maces & Flails | 4 5 6 8 11 12 | 12.8
Invocations    | 4 6 7 |  7.9
Crossbows      | 2 6 7 |  7.9
Axes           | 6 |  6.9
Shields        | 3 6 |  6.7
Fighting       | |  2.0
Dodging        | |  2.6

Action                   |  1- 3 |  4- 6 |  7- 9 | 10-12 || total
-------------------------+-------+-------+-------+-------++-------
Melee: Quarterstaff      |    73 |       |       |       ||    73
       Headbutt          |    19 |    23 |    43 |    95 ||   180
       Mace              |    62 |    84 |   156 |       ||   302
       Kick              |     2 |     3 |       |       ||     5
       War axe           |       |       |    49 |   100 ||   149
       Punch             |       |       |     2 |       ||     2
       Great mace        |       |       |       |   274 ||   274
 Fire: Hand crossbow     |       |       |   110 |    82 ||   192
Throw: Dart              |     9 |    26 |    18 |       ||    53
       Boomerang         |       |       |    22 |    11 ||    33
       Stone             |       |       |     1 |       ||     1
       Throwing net      |       |       |     2 |       ||     2
Invok: Heroism           |       |       |    11 |    11 ||    22
       Finesse           |       |       |       |     1 ||     1
Evoke: Wand              |       |       |     2 |     4 ||     6
  Use: Potion            |     6 |     2 |     2 |     1 ||    11
       Scroll            |     8 |     3 |     5 |     7 ||    23
 Stab: Invisible         |     2 |       |       |       ||     2
       Sleeping          |       |       |     2 |     2 ||     4
  Eat: Chunk             |     3 |     3 |     6 |     5 ||    17
       Ration            |       |       |     2 |     3 ||     5
Armor: Ring mail         |    38 |    16 |    82 |   152 ||   288
       Leather armour    |     3 |       |       |       ||     3
       Skin              |    10 |       |       |       ||    10
Dodge: Dodged            |   102 |    38 |   128 |   256 ||   524
Block: Kite shield       |       |       |    49 |   107 ||   156

Table legend:
 A = Non-vault XP
 B = Vault XP
 C = Vault XP percentage of total XP
 D = Non-vault monster count
 E = Vault monster count
 F = Vault count percentage of total count
                 A         B        C        D         E       F
            +---------+---------+-------+---------+---------+-------
      Total |   20335 |   10439 |  33.9 |     292 |      46 |  13.6
            +---------+---------+-------+---------+---------+-------
        D:1 |      50 |       0 |   0.0 |      31 |       0 |   0.0
        D:2 |      46 |       0 |   0.0 |      21 |       0 |   0.0
        D:3 |     170 |     337 |  66.5 |      20 |      13 |  39.4
        D:4 |     705 |       0 |   0.0 |      27 |       0 |   0.0
        D:5 |      69 |     675 |  90.7 |       8 |       6 |  42.9
        D:6 |     302 |     183 |  37.7 |      12 |       2 |  14.3
        D:7 |    1653 |     619 |  27.2 |      33 |       2 |   5.7
        D:8 |    1450 |     260 |  15.2 |      43 |       3 |   6.5
        D:9 |     738 |       0 |   0.0 |      12 |       0 |   0.0
       D:10 |    3937 |    2490 |  38.7 |      31 |       7 |  18.4
     Lair:1 |    2748 |       0 |   0.0 |      15 |       0 |   0.0
     Lair:2 |    4103 |     783 |  16.0 |      18 |       5 |  21.7
     Lair:3 |     199 |       0 |   0.0 |       1 |       0 |   0.0
     Lair:4 |    4165 |       0 |   0.0 |      20 |       0 |   0.0
    Volcano |       0 |    5092 | 100.0 |       0 |       8 | 100.0
            +---------+---------+-------+---------+---------+-------
